 Dungeon Crawl Stone Soup version 0.16-a0-702-gf4f471d (webtiles) character file.

89 PolkaDot the Skirmisher (level 4, -7/41 HPs)
             Began as a Draconian Transmuter on Sept 20, 2014.
             Killed from afar by Sigmund (9 damage)
             ... with a puff of flame
             ... on Level 2 of the Dungeon.
             The game lasted 00:05:46 (2346 turns).

PolkaDot the Skirmisher (Draconian Transmuter)      Turns: 2346, Time: 00:05:46

HP  -7/41        AC  5     Str 12      XL: 4   Next: 31%
MP   3/7         EV 17     Int 13      God:
Gold 49          SH  0     Dex 18      Spells:  2 memorised,  4 levels left

rFire  . . .     SeeInvis .     b - 51 arrows
rCold  . . .     Clarity  .     (armour unavailable)
rNeg   . . .     rCorr    .     (no shield)
rPois  .         rRot     .     (helmet restricted)
rElec  .         Spirit   .     (no cloak)
SustAb .         Warding  .     (no gloves)
rMut   .         Stasis   .     (no boots)
Gourm  .                        (no amulet)
MR     .....                    (no ring)
                                (no ring)

@: agile, not resistant to hostile enchantments, fairly stealthy
A: unfitting armour, cold-blooded, AC +5
a: no special abilities


You were on level 2 of the Dungeon.
You were not hungry.

You visited 1 branch of the dungeon, and saw 2 of its levels.

You collected 49 gold pieces.

Inventory:

Missiles
 b - 51 arrows (in hand)
Comestibles
 a - a bread ration
 f - 2 slices of pizza
 n - a rotting chunk of jackal flesh
 p - 2 rotting chunks of quokka flesh
Scrolls
 c - 2 scrolls of remove curse {unknown}
 e - 3 scrolls of identify {unknown}
 o - a scroll of teleportation {unknown}
 q - a scroll of enchant armour {unknown}
Jewellery
 h - a cursed ring of teleportation {unknown}
 k - an uncursed amulet of resist corrosion {unknown}
 l - a +6 ring of strength {unknown}
Books
 d - a book of Changes

   Spells                             Type                      Level
   *Beastly Appendage                 Transmutation                1
   *Sticks to Snakes                  Transmutation                2
   Spider Form                        Transmutation/Poison         3
   Ice Form                           Ice/Transmutation            4
   Blade Hands                        Transmutation                5


   Skills:
 * Level 4.6 Fighting
 - Level 1.7 Dodging
 - Level 3.0 Unarmed Combat
 - Level 2.0 Spellcasting
 - Level 2.0 Transmutations


You had 4 spell levels left.
You knew the following spells:

 Your Spells              Type           Power        Failure   Level  Hunger
a - Beastly Appendage     Trmt           #.....       12%         1    ##.....
s - Sticks to Snakes      Trmt           #.........   17%         2    ###....


Dungeon Overview and Level Annotations

Branches:
Dungeon (2/15)

Altars:

Annotations:
D:2 Sigmund


Innate Abilities, Weirdness & Mutations

Your plain brown scales are hard (AC +5).
Your body does not fit into most forms of armour.
Your cold-blooded metabolism reacts poorly to cold.


Message History

You miss something. Something hits you.
* * * LOW HITPOINT WARNING * * *
You feel strangely unstable.
You swap places.
The magic dart hits your ball python.
Your ball python dies!
Your surroundings suddenly seem different.
You start resting.
Your talons disappear.
You start resting.
Your ball python withers and dies!
You start resting.
Something hits you.
* * * LOW HITPOINT WARNING * * *
Space warps horribly around you!
* * * LOW HITPOINT WARNING * * *
The puff of flame hits you!
* * * LOW HITPOINT WARNING * * *
The puff of flame hits you!
You die...

....)#####......# ###.#.....##.
..#..# #......# ####.#......#.
..#..# #......# #.......###.#.
..#..#####......# #.#.##.#.#....
......#...##########.#.##.#.....#
#.#...#.#.######.......##.#.#...S
#.#...#.......##.......##.#.#.#.#
#.#.#.#.......##.......#........#
.....<..........@......#.#..#.###
###.#.#.#+####+#.......#.......
#.#.....#................#....#
#................##..#.#.#..$.#
#.#.#####........###.#...#.#.##
#<#.#####........# #.......#
.##.##.........### #.......#
.##.##.........#####.......#
.##.##.........')..........#


There were no monsters in sight!

Vanquished Creatures
  4 adders (D:2)
  A worm (D:2)
  A giant gecko (D:2)
  A giant cockroach (D:1)
  6 goblins
  4 hobgoblins (D:1)
  6 jackals
  7 kobolds
  A quokka (D:2)
  6 bats
  4 giant newts
  4 rats
45 creatures vanquished.

Notes
Turn   | Place    | Note
--------------------------------------------------------------
     0 | D:1      | PolkaDot, the Draconian Transmuter, began the quest for the Orb.
     0 | D:1      | Reached XP level 1. HP: 16/16 MP: 3/3
   339 | D:1      | Reached XP level 2. HP: 24/24 MP: 2/4
  1085 | D:1      | Learned a level 2 spell: Sticks to Snakes
  1118 | D:2      | Reached XP level 3. HP: 22/31 MP: 3/6
  1468 | D:2      | Reached skill level 4 in Fighting
  1848 | D:2      | Reached XP level 4. HP: 40/40 MP: 7/7
  2313 | D:2      | Noticed Sigmund
  2344 | D:2      | HP: 2/41 [something/puff of flame (6)]
  2346 | D:2      | Killed from afar by Sigmund

Action                   |  1- 3 |  4- 6 || total
-------------------------+-------+-------++-------
Melee: Unarmed           |   140 |    36 ||   176
 Cast: Beastly Appendage |    17 |     5 ||    22
       Sticks to Snakes  |       |     3 ||     3
  Use: Potion            |     3 |     2 ||     5
  Eat: Chunk             |     3 |     2 ||     5
